 Dungeon Crawl Stone Soup version 0.28-a0-533-g9f97627e2a (webtiles) character file.

Game seed: 1472775169804334229

156 Gargoyl the Skirmisher (level 5, -3/47 HPs)
             Began as a Gnoll Abyssal Knight on Sept 25, 2021.
             Was a Believer of Lugonu.
             Slain by Menkaure (12 damage)
             ... on level 4 of the Dungeon.
             The game lasted 00:03:41 (3170 turns).

Gargoyl the Skirmisher (Gnoll Abyssal Knight)       Turns: 3170, Time: 00:03:41

Health: -3/47      AC: 12    Str: 13    XL:     5   Next: 38%
Magic:  8/8        EV:  4    Int: 10    God:    Lugonu [**....]
Gold:   160        SH:  0    Dex: 12    Spells: 6/6 levels left

rFire   + . .      SeeInvis .   a - +2 hand axe (freeze)
rCold   . . .      Faith    .   (no shield)
rNeg    . . .      Spirit   .   b - +0 plate armour
rPois   .          Reflect  .   (no helmet)
rElec   .          Harm     .   (no cloak)
rCorr   .          Rampage  .   (no gloves)
Will    .....                   (no boots)
Stlth   ..........              (no amulet)
HPRegen 0.15/turn               d - ring of protection from fire
MPRegen 0.11/turn               (no ring)

@: no status effects
A: fangs 1, strong nose, distributed training
a: Renounce Religion, Depart the Abyss, Bend Space


You were on level 4 of the Dungeon.
You worshipped Lugonu.
Lugonu was pleased with you.
You visited 1 branch of the dungeon, and saw 4 of its levels.
You visited the Abyss 1 time.

You collected 160 gold pieces.

Inventory:

Hand Weapons
 a - a +2 hand axe of freezing (weapon)
Missiles
 c - a throwing net
 k - 4 javelins (quivered)
Armour
 b - a +0 plate armour (worn)
Jewellery
 d - a ring of protection from fire (left hand)
Potions
 g - a potion of might
 h - 2 potions of berserk rage
 i - 2 potions of ambrosia {unknown}
 j - a potion of curing {unknown}
 l - a potion of invisibility {unknown}


   Skills:
 + Level 6.7 Fighting
 + Level 1.4 Short Blades
 + Level 1.4 Long Blades
 + Level 4.8 Axes
 + Level 1.4 Maces & Flails
 + Level 1.4 Polearms
 + Level 1.4 Staves
 + Level 1.4 Slings
 + Level 1.4 Bows
 + Level 1.4 Crossbows
 + Level 1.4 Throwing
 + Level 4.8 Armour
 + Level 3.0 Dodging
 + Level 1.4 Stealth
 + Level 1.4 Shields
 + Level 1.4 Unarmed Combat
 + Level 1.4 Spellcasting
 + Level 1.1 Conjurations
 + Level 1.1 Hexes
 + Level 1.1 Summonings
 + Level 1.1 Necromancy
 + Level 1.1 Translocations
 + Level 1.1 Transmutations
 + Level 1.1 Fire Magic
 + Level 1.1 Ice Magic
 + Level 1.1 Air Magic
 + Level 1.1 Earth Magic
 + Level 1.1 Poison Magic
 + Level 4.8 Invocations
 + Level 1.4 Evocations


You had 6 spell levels left.
You didn't know any spells.
Your spell library was empty.

Dungeon Overview and Level Annotations

Branches:
Dungeon (4/15)
 Temple: D:4-7

Altars:

Shops:
D:1 [

Annotations:
D:4 Menkaure


Innate Abilities, Weirdness & Mutations

You have very sharp teeth.
Your uncanny sense of smell can sniff out nearby items.
Your experience applies equally to all skills.


Message History

Done exploring.
Done exploring.
Done exploring.
Done exploring.
(D) Dungeon
Where to? (Enter - D:3, ? - help)
What level of the Dungeon? (default 1, ? - help)
There is a stone staircase leading down here.
You climb downwards.
There is a stone staircase leading up here.
As you read the scroll labelled NOMORICIVE, it crumbles to dust.
It is a scroll of amnesia.
You feel forgetful for a moment.
Found a stone staircase leading up.
You now have 160 gold pieces (gained 10).
Menkaure, Prince of Dust comes into view.
Found a scroll labelled LIHIPAMUUJ.
Menkaure shouts!
Menkaure is nearby!
Menkaure is nearby!
Menkaure grins.
You hit Menkaure but do no damage.
Menkaure gestures wildly while chanting.
Menkaure seems to speed up.
You closely miss Menkaure. You bite Menkaure, but do no damage.
Menkaure hits you!
Unknown command.
You hit Menkaure. You punch Menkaure, but do no damage.
Menkaure is lightly damaged.
Menkaure calls on the powers of darkness!
Your body is wracked with pain!
Unknown command.
You barely miss Menkaure.
Menkaure is lightly damaged.
Menkaure hits you but does no damage. Menkaure hits you!
* * * LOW HITPOINT WARNING * * *
You hit Menkaure.
Menkaure is lightly damaged.
Menkaure hits you!
You die...

.........#
##.....##.........
#...............<# .#
#.........#......####
... ?.....##.#..........
...##.....#.............
.......................#
.......M............####
.......@..#.........####
........#.##......####..
.#......#........## ##.
##.##..........<.# ###.
#...#..###.##...###...
##.##...## ###........
...#....## ##...#..#
.......#..### #....#.##
###.....#....####....##


You could see Menkaure (fast).

Vanquished Creatures
  An orc wizard (D:3)
  Natasha (D:2)
  3 gnolls (D:3)
  3 adders
  A dart slug (D:1)
  4 orcs (D:2)
  3 endoplasms
  A giant cockroach (D:1)
  3 goblins
  4 hobgoblins
  3 jackals (D:1)
  6 kobolds
  2 quokkas (D:1)
  5 ball pythons (D:1)
  A bat (D:2)
  2 frilled lizards (D:1)
  6 rats
49 creatures vanquished.

Vanquished Creatures (others)
  An endoplasm (D:1)
  4 jackals (D:1)
5 creatures vanquished.

Grand Total: 54 creatures vanquished

Notes
Turn   | Place    | Note
-------+----------+-------------------------------------------
     0 | Abyss:1  | Gargoyl the Gnoll Abyssal Knight began the quest for the
                  | Orb.
     0 | Abyss:1  | Reached XP level 1. HP: 23/23 MP: 3/3
   182 | Abyss:3  | Noticed a ynoxinul
   184 | Abyss:3  | Noticed a rust devil
   186 | D:1      | Escaped the Abyss
   295 | D:1      | Found Haecaax's Antique Armour Boutique.
   314 | D:1      | Reached * piety under Lugonu
   315 | D:1      | Reached XP level 2. HP: 13/29 MP: 5/5
   687 | D:1      | Reached XP level 3. HP: 28/35 MP: 6/6
  1538 | D:2      | Noticed Natasha
  1548 | D:2      | Killed Natasha
  1549 | D:2      | Reached skill level 1 in Short Blades
  1549 | D:2      | Reached skill level 1 in Long Blades
  1549 | D:2      | Reached skill level 1 in Maces & Flails
  1549 | D:2      | Reached skill level 1 in Polearms
  1549 | D:2      | Reached skill level 1 in Staves
  1549 | D:2      | Reached skill level 1 in Slings
  1549 | D:2      | Reached skill level 1 in Bows
  1549 | D:2      | Reached skill level 1 in Crossbows
  1549 | D:2      | Reached skill level 1 in Throwing
  1549 | D:2      | Reached skill level 1 in Stealth
  1549 | D:2      | Reached skill level 1 in Shields
  1549 | D:2      | Reached skill level 1 in Unarmed Combat
  1549 | D:2      | Reached skill level 1 in Spellcasting
  1549 | D:2      | Reached skill level 1 in Evocations
  1736 | D:2      | Reached XP level 4. HP: 35/41 MP: 7/7
  2402 | D:3      | Reached skill level 1 in Conjurations
  2402 | D:3      | Reached skill level 1 in Hexes
  2402 | D:3      | Reached skill level 1 in Summonings
  2402 | D:3      | Reached skill level 1 in Necromancy
  2402 | D:3      | Reached skill level 1 in Translocations
  2402 | D:3      | Reached skill level 1 in Transmutations
  2402 | D:3      | Reached skill level 1 in Fire Magic
  2402 | D:3      | Reached skill level 1 in Ice Magic
  2402 | D:3      | Reached skill level 1 in Air Magic
  2402 | D:3      | Reached skill level 1 in Earth Magic
  2402 | D:3      | Reached skill level 1 in Poison Magic
  2483 | D:3      | Reached XP level 5. HP: 47/47 MP: 8/8
  2769 | D:3      | Reached ** piety under Lugonu
  3162 | D:4      | Noticed Menkaure
  3170 | D:4      | Slain by Menkaure

Illustrated notes

Levels and vault maps discovered:
D:1:      mrwooster_arrival_arrow, layout_basic, serial_shops,
          nicolae_diamond_shop, hex_large, st_stairs_9, minmay_misc_feat_cross,
          kennysheep_nondescript, lemuel_flame_loot_1
D:2:      minmay_kobold_bridge, layout_basic, kennysheep_generic_room_14,
          uniq_natasha
D:3:      layout_rooms
D:4:      layout_cave_pools, minmay_temple_entry_antechambers,
          roderic_three_in_a_row, kennysheep_small_square, uniq_blork_the_orc,
          uniq_menkaure, uniq_eustachio

Skill      XL: |  1  2  3  4  5 |
---------------+----------------+-----
Short Blades   | 1 |  1.4
Long Blades    | 1 |  1.4
Maces & Flails | 1 |  1.4
Polearms       | 1 |  1.4
Staves         | 1 |  1.4
Slings         | 1 |  1.4
Bows           | 1 |  1.4
Crossbows      | 1 |  1.4
Throwing       | 1 |  1.4
Stealth        | 1 |  1.4
Shields        | 1 |  1.4
Unarmed Combat | 1 |  1.4
Spellcasting   | 1 |  1.4
Evocations     | 1 |  1.4
Conjurations   | 1 |  1.1
Hexes          | 1 |  1.1
Summonings     | 1 |  1.1
Necromancy     | 1 |  1.1
Translocations | 1 |  1.1
Transmutations | 1 |  1.1
Fire Magic     | 1 |  1.1
Ice Magic      | 1 |  1.1
Air Magic      | 1 |  1.1
Earth Magic    | 1 |  1.1
Poison Magic   | 1 |  1.1
Dodging        | 3 |  3.0
Fighting       | |  6.7
Axes           | |  4.8
Armour         | |  4.8
Invocations    | |  4.8

Action                   |  1- 3 |  4- 6 || total
-------------------------+-------+-------++-------
Melee: Hand axe          |    70 |    57 ||   127
       Bite              |     5 |     6 ||    11
       Punch             |       |     1 ||     1
Invok: Depart the Abyss  |     1 |       ||     1
  Use: Scroll            |     2 |     6 ||     8
Armor: Plate armour      |    90 |    45 ||   135
Dodge: Dodged            |    16 |    12 ||    28

Table legend: (Time is in decaauts)
 A = Elapsed time spent in this place.
 B = Non-inter-level travel time spent in this place.
 C = Inter-level travel time spent in this place.
 D = Time resting spent in this place.
 E = Time spent auto-exploring this place.
 F = Levels seen in this place.
 G = Mean time per level.
                   A        B        C        D        E       F      G
               +--------+--------+--------+--------+--------+-----+--------+
         Total |   3178 |   3113 |     65 |    399 |   2159 |   7 |  454.0 |
       Dungeon |   2993 |   2928 |     65 |    399 |   2060 |   4 |  748.2 |
         Abyss |    184 |    184 |      0 |      0 |     99 |   3 |   61.3 |
               +--------+--------+--------+--------+--------+-----+--------+

Top non-repeatable levels by time:
     D:1: 1338 daAuts
     D:2: 837 daAuts
     D:3: 762 daAuts
 Abyss:1: 85 daAuts
 Abyss:2: 77 daAuts
     D:4: 54 daAuts
 Abyss:3: 22 daAuts
